 Dungeon Crawl Stone Soup version 0.29-a0-775-g4d7333d4e2 (webtiles) character file.

Game seed: 13095984917491973403

125 oldriver the Magician (level 5, -13/25 HPs)
             Began as a Vine Stalker Hedge Wizard on July 1, 2022.
             Mangled by an ogre
             ... wielding a +0 giant club
              (27 damage)
             ... on level 4 of the Dungeon.
             The game lasted 00:04:50 (3736 turns).

oldriver the Magician (Vine Stalker Hedge Wizard)   Turns: 3736, Time: 00:04:51

Health: -13/25     AC:  2    Str: 18    XL:     5   Next: 9%
Magic:  0/12       EV: 12    Int: 16    God:
Gold:   65         SH:  0    Dex: 14    Spells: 11/12 levels left

rFire   . . .      SeeInvis .   i - +5 sling "Lateydwac" {freeze, rElec rPois}
rCold   . . .      Faith    .   (no shield)
rNeg    + . .      Spirit   +   b - +0 robe
rPois   +          Reflect  .   c - +0 hat
rElec   +          Harm     .   (no cloak)
rCorr   .          Rampage  .   (no gloves)
Will    .....                   (no boots)
Stlth   ++........              (no amulet)
HPRegen 0.88/turn               s - ring of positive energy
MPRegen 0.13/turn               t - +6 ring of strength

@: no status effects
A: fangs 2, regeneration 1, magic shield, antimagic bite, no potion heal 2
a: no special abilities


You were on level 4 of the Dungeon.
You visited 1 branch of the dungeon, and saw 4 of its levels.

You collected 131 gold pieces.
You spent 66 gold pieces at shops.

Inventory:

Hand Weapons
 i - the +5 sling "Lateydwac" (weapon) {freeze, rElec rPois}
   (You found it on level 2 of the Dungeon)

   Any ammunition fired from it freezes those it strikes, dealing additional
   cold damage.
   It can also slow down cold-blooded creatures.
   rElec:     It insulates you from electricity.
   rPois:     It protects you from poison.
Armour
 b - a +0 robe (worn)
 c - a +0 hat (worn)
Jewellery
 s - a ring of positive energy (left hand)
 t - a +6 ring of strength (right hand)
Wands
 l - a wand of flame (21)
Scrolls
 f - 4 scrolls of teleportation
Potions
 a - 4 potions of curing
 d - a potion of magic
 e - 2 potions of cancellation {unknown}
 g - a potion of attraction
 h - 2 potions of degeneration {unknown}
 k - a potion of brilliance
 m - a potion of resistance
 n - a potion of lignification {unknown}
 o - a potion of ambrosia {unknown}
 q - a potion of flight {unknown}
 r - a potion of heal wounds {unknown}


   Skills:
 + Level 1.5 Fighting
 - Level 1.0 Ranged Weapons
 - Level 1.5 Dodging
 - Level 2.4 Stealth
 * Level 4.4 Spellcasting
 * Level 2.7 Conjurations
 - Level 1.0 Summonings
 - Level 1.0 Translocations


You had 11 spell levels left.
You knew the following spells:

 Your Spells              Type           Power      Damage    Failure   Level
a - Magic Dart            Conj           48%        1d5       5%          1

Your spell library contained the following spells:

 Spells                   Type           Power      Damage    Failure   Level
 Slow                     Hex            12%        N/A       16%         1
 Blink                    Tloc           12%        N/A       16%         2
 Call Imp                 Summ           6%         N/A       16%         2
 Scorch                   Fire           6%         2d5       24%         2
 Conjure Flame            Conj/Fire      7%         6-21      28%         3
 Dazzling Flash           Conj/Hex       14%        N/A       28%         3
 Mephitic Cloud           Conj/Pois/Air  6%         N/A       32%         3
 Confusing Touch          Hex            3%         N/A       43%         3
 Iskenderun's Mystic Bla  Conj/Tloc      9%         2d4       58%         4
 Flame Wave               Conj/Fire      7%         2d5       67%         4
 Yara's Violent Unravell  Hex/Tmut       1%         3d3       99%         5
 Starburst                Conj/Fire      3%         6d3       100%        6
 Summon Cactus Giant      Summ           3%         N/A       100%        6
 Enfeeble                 Hex            1%         N/A       100%        7


Dungeon Overview and Level Annotations

Branches:
Dungeon (4/15)
 Temple: D:4-7

Altars:
Ashenzari
Cheibriados
Elyvilon
Hepliaklqana
Qazlal
Xom
Yredelemnul

Shops:
D:2 *(*


Innate Abilities, Weirdness & Mutations

You have extremely sharp teeth.
Your natural rate of healing is unusually fast.
When hurt, damage is shared between your health and your magic reserves.
Your bite disrupts and absorbs the magic of your enemies.
Potions cannot restore your health.


Message History

You can't see any susceptible monsters within range! (Use Z to cast anyway.)
You can't see any susceptible monsters within range! (Use Z to cast anyway.)
Found 8 stones.
Things that are here:
a +0 whip; 8 poisoned darts; a kobold corpse
Found 12 gold pieces.
Found 13 gold pieces.
Found 5 stones and a dagger.
You enter the shallow water.
Moving in this stuff is going to be slow.
Found a white marble altar of Elyvilon.
You see here a +0 dagger.
There is a white marble altar of Elyvilon here.
Found a scroll of teleportation.
Really attack while wielding the +5 sling "Lateydwac" {freeze, rElec rPois}?
Okay, then.
f - 4 scrolls of teleportation (gained 1)
Found a stone staircase leading down.
Why would you want to do that?
You enter the shallow water.
Moving in this stuff is going to be slow.
An ogre comes into view. It is wielding a +0 giant club.
Okay, then.
The magic dart hits the ogre.
The ogre is lightly wounded.
The ogre shouts!
The magic dart hits the ogre.
The ogre is lightly wounded.
You shoot a sling bullet.
The sling bullet barely misses the ogre.
You shoot a sling bullet. The sling bullet hits the ogre!
The sling bullet freezes the ogre.
The ogre is severely wounded.
The ogre hits you with a +0 giant club!
Okay, then.
You shoot a sling bullet.
The sling bullet barely misses the ogre.
The ogre hits you with a +0 giant club!!
Ouch! That really hurt!
You die...

♣.♣....P♣.♣..#..######..##.##
♣...._...P♣......)......# #
♣.♣.....♣.♣|#.#.#########
#P.♣♣..P♣♣.P.#.(.$...
#.PP♣♣.♣♣P(..##......
#≈≈...P..P≈≈...........
#≈≈..♣♣♣..≈≈........... ####.
#####..O$........ #
........@.........
#####........... #...........
#......>.... #....##.....
#####. .#### . . . ..


You could see an ogre.

Vanquished Creatures
  A bullfrog (D:4)
  A worm (D:2)
  A dart slug (D:1)
  4 bats
  2 endoplasms (D:2)
  A giant cockroach (D:1)
  8 goblins
  2 hobgoblins (D:1)
  4 jackals (D:1)
  4 quokkas
  6 ball pythons
  4 frilled lizards
  7 kobolds
  3 rats
48 creatures vanquished.

Notes
Turn   | Place    | Note
-------+----------+-------------------------------------------
     0 | D:1      | oldriver the Vine Stalker Hedge Wizard began the quest for
                  | the Orb.
     0 | D:1      | Reached XP level 1. HP: 9/9 MP: 5/5
   227 | D:1      | Reached XP level 2. HP: 14/14 MP: 0/7
   300 | D:1      | Found a faded altar of an unknown god.
  1273 | D:1      | Reached XP level 3. HP: 8/17 MP: 2/9
  1572 | D:1      | Reached skill level 1 in Fighting
  1944 | D:2      | Identified the +5 sling "Lateydwac" {freeze, rElec rPois}
  1962 | D:2      | Found Xugg's General Store.
  2035 | D:2      | Reached skill level 4 in Spellcasting
  2163 | D:2      | Found Ciaq's Weapon Boutique.
  2204 | D:2      | Found Restiufe's Assorted Antiques.
  2209 | D:2      | Bought a viscous inky potion for 22 gold pieces
  2209 | D:2      | Bought a green potion for 22 gold pieces
  2209 | D:2      | Bought a bubbling ruby potion for 22 gold pieces
  2250 | D:2      | You fall into a shaft and drop 1 floor!
  2258 | D:3      | Found a shimmering altar of Xom.
  2433 | D:3      | Found a hazy altar of Hepliaklqana.
  3071 | D:3      | Found a broken altar of Ashenzari.
  3071 | D:3      | Found a basalt altar of Yredelemnul.
  3072 | D:3      | Found a snail-covered altar of Cheibriados.
  3609 | D:4      | Noticed a bullfrog
  3616 | D:4      | Killed a bullfrog
  3617 | D:4      | Reached skill level 1 in Ranged Weapons
  3617 | D:4      | Gained mutation: Your natural rate of healing is unusually
                  | fast. [Vine Stalker growth]
  3617 | D:4      | Reached XP level 4. HP: 13/22 MP: 6/11
  3617 | D:4      | Reached XP level 5. HP: 14/25 MP: 6/12
  3637 | D:4      | Found a stormy altar of Qazlal.
  3716 | D:4      | Found a white marble altar of Elyvilon.
  3730 | D:4      | Noticed an ogre
  3736 | D:4      | Mangled by an ogre

Illustrated notes

Levels and vault maps discovered:
D:1:      ncdulo_halloftheorcs, layout_loops_ring,
          hellmonk_ecumenical_altar_run_dry, corexii_corridor_pit
D:2:      layout_loops_ring, serial_shops, shop_fountains, shop,
          nicolae_square_shop
D:3:      layout_loops_corners, mainiacjoe_overflow_concentric_impassable,
          overflow_temple_1_default, gammafunk_temple_overflow_claw,
          chequers_serial_rivers_micro_b, chequers_serial_rivers_room_a,
          minmay_misc_feat_chi, kennysheep_small_spiral, hangedman_decor_push
D:4:      layout_basic, nicolae_qazlal_scattered_showers,
          nicolae_elyvilon_peaceful_grove, chequers_ossuary_entry_cave,
          minmay_misc_feat_tiny, uniq_menkaure

Skill      XL: |  1  2  3 |
---------------+----------+-----
Fighting       | 1 |  1.5
Spellcasting   | 4 |  4.4
Conjurations   | 2 |  2.7
Ranged Weapons | 1 |  1.0
Dodging        | |  1.5
Stealth        | |  2.4
Summonings     | |  1.0
Translocations | |  1.0

Action                   |  1- 3 |  4- 6 || total
-------------------------+-------+-------++-------
Melee: Dagger            |     1 |       ||     1
       Staff             |    18 |       ||    18
       Short sword       |    12 |       ||    12
       Bite              |     2 |       ||     2
       Punch             |     1 |       ||     1
 Fire: Sling             |    43 |    11 ||    54
 Cast: Magic Dart        |    64 |     3 ||    67
  Use: Scroll            |    10 |       ||    10
       Potion            |     1 |       ||     1
Armor: Robe              |     5 |       ||     5
Dodge: Dodged            |    37 |     4 ||    41

Table legend: (Time is in decaauts)
 A = Elapsed time spent in this place.
 B = Non-inter-level travel time spent in this place.
 C = Inter-level travel time spent in this place.
 D = Time resting spent in this place.
 E = Time spent auto-exploring this place.
 F = Levels seen in this place.
 G = Mean time per level.
                   A        B        C        D        E       F      G
               +--------+--------+--------+--------+--------+-----+--------+
         Total |   3760 |   3640 |    120 |    868 |   2281 |   4 |  940.0 |
       Dungeon |   3760 |   3640 |    120 |    868 |   2281 |   4 |  940.0 |
               +--------+--------+--------+--------+--------+-----+--------+

Top non-repeatable levels by time:
     D:1: 1925 daAuts
     D:3: 1007 daAuts
     D:2: 679 daAuts
     D:4: 148 daAuts
